 Dungeon Crawl Stone Soup version 0.23.2-1-ga50397a (webtiles) character file.

Game seed: 5496762147830388840

98 Trampli the Skirmisher (level 4, -13/40 HPs)
             Began as a Ghoul Fighter on Apr 16, 2019.
             Killed by divine providence
             ... invoked by an orc priest
              (15 damage)
             ... on level 3 of the Dungeon.
             The game lasted 00:03:37 (1777 turns).

Trampli the Skirmisher (Ghoul Fighter)              Turns: 1777, Time: 00:03:38

Health: -13/40     AC: 11    Str: 19    XL:     4   Next: 69%
Magic:  3/3        EV:  3    Int:  4    God:
Gold:   119        SH:  8    Dex:  8    Spells: 3/3 levels left

rFire    . . .     SeeInvis .     - Unarmed
rCold    + . .     Gourm    .   b - +0 shield
rNeg     + + +     Faith    .   k - +0 plate armour
rPois    ∞         Spirit   .   (no helmet)
rElec    .         Reflect  .   (no cloak)
rCorr    .         Harm     .   (no gloves)
MR       .....                  (no boots)
Stlth    ..........             (no amulet)
HPRegen  0.00/turn              (no ring)
MPRegen  0.08/turn              (no ring)

@: flying, rotting
A: rotting body, claws 1, carnivore, cold resistance 1, negative energy
resistance 3, inhibited regeneration, torment resistance, unbreathing
a: no special abilities


You were on level 3 of the Dungeon.
You were not hungry.

You visited 1 branch of the dungeon, and saw 3 of its levels.

You collected 119 gold pieces.

Inventory:

Armour
 b - a +0 shield (worn)
 k - a +0 plate armour (worn)
Jewellery
 f - an uncursed amulet of faith {unknown}
Scrolls
 e - a scroll of amnesia
 h - 2 scrolls of enchant weapon
 i - a scroll of remove curse
Potions
 c - a potion of might
 j - a potion of magic {unknown}
 l - a potion of curing {unknown}
Comestibles
 d - 6 rations
 m - 2 chunks of flesh


   Skills:
 + Level 3.9 Fighting
 + Level 3.1 Armour
 + Level 0.1 Dodging
 + Level 3.1 Shields
 * Level 3.8 Unarmed Combat


You had 3 spell levels left.
You didn't know any spells.
Your spell library contained the following spells:

 Spells                   Type           Power        Failure   Level  Hunger
 Corona                   Hex            #......      100%        1    ##.....
 Ensorcelled Hibernation  Hex/Ice        #.....       100%        2    ###....
 Confuse                  Hex            #.......     100%        3    ####...
 Dazzling Spray           Conj/Hex       #.....       100%        3    ####...
 Tukima's Dance           Hex            #.......     100%        3    ####...


Dungeon Overview and Level Annotations

Branches:
Dungeon (3/15)

Altars:

Annotations:
D:2 1 runed translucent door, Crazy Yiuf


Innate Abilities, Weirdness & Mutations

Your body is rotting away.
You thrive on raw meat.
You are immune to poison.
You have sharp fingernails.
You are carnivorous and can eat meat at any time.
Your flesh is cold resistant. (rC+)
You are immune to negative energy. (rN+++)
You do not regenerate when monsters are visible.
You are immune to unholy pain and torment.
You can survive without breathing.


Message History

Beogh smites you!
* * * LOW HITPOINT WARNING * * *
The orc wizard gestures at you while chanting.
The puff of flame hits you.
* * * LOW HITPOINT WARNING * * *
The orc hits you but does no damage.
It was a potion of flight.
You feel very buoyant.
You fly up into the air.
You feel less confused. You block the adder's attack.
The orc priest hits you but does no damage.
You block the orc wizard's attack. The orc hits you.
* * * LOW HITPOINT WARNING * * *
The adder bites you but does no damage.
It was a potion of lignification.
You feel woody for a moment. The adder bites you but does no damage.
The orc priest mumbles some strange prayers to Beogh against you.
Beogh smites you!
You die...

#.....# # #.....#.#
#.....#.# #.......#
.###.....#.#####
...............#
..##....So.....#
..##...(@oo....#
#.####..#o.....# #.#
#..#......# #.#
#..#......# #.#
#..#......#
#########.####.#########
.........)............
#########.####........
#.# #>#######


You could see an orc priest, an orc wizard, an adder and 2 orcs.

Vanquished Creatures
  Jessica (D:2)
  3 adders (D:2)
  An ooze (D:2)
  A worm (D:3)
  2 dart slugs (D:2)
  A ball python (D:1)
  A giant cockroach (D:2)
  6 goblins
  4 hobgoblins
  3 kobolds
  A quokka (D:2)
  4 bats
  3 frilled lizards
  6 rats
37 creatures vanquished.

Notes
Turn   | Place    | Note
-------+----------+-------------------------------------------
     0 | D:1      | Trampli the Ghoul Fighter began the quest for the Orb.
     0 | D:1      | Reached XP level 1. HP: 19/19 MP: 0/0
   240 | D:1      | Reached XP level 2. HP: 23/26 MP: 1/1
   966 | D:2      | Reached XP level 3. HP: 28/33 MP: 2/2
  1382 | D:2      | Reached XP level 4. HP: 35/39 MP: 3/3
  1545 | D:2      | Found a runed translucent door.
  1545 | D:2      | Noticed Jessica
  1548 | D:2      | Noticed Crazy Yiuf
  1552 | D:2      | Killed Jessica
  1776 | D:3      | HP: 2/40 [orc (2)]
  1777 | D:3      | Killed from afar by an orc priest

Skill      XL: |  1  2  3 |
---------------+----------+-----
Shields        | 3 |  3.1
Armour         | 3 |  3.1
Unarmed Combat | 3 |  3.8
Fighting       | |  3.9
Dodging        | |  0.1

Action                   |  1- 3 |  4- 6 || total
-------------------------+-------+-------++-------
Melee: Unarmed           |   154 |    37 ||   191
  Use: Scroll            |     6 |     1 ||     7
       Potion            |       |     2 ||     2
  Eat: Chunk             |     4 |     1 ||     5
Armor: Scale mail        |    19 |       ||    19
       Plate armour      |    72 |    27 ||    99
Dodge: Dodged            |    17 |     6 ||    23
Block: Shield            |    70 |    13 ||    83
